 Dungeon Crawl Stone Soup version 0.21-a0-517-gd76cfe0 (webtiles) character file.

63 slep the Chopper (level 4, -1/34 HPs)
             Began as a Formicid Gladiator on Dec 4, 2017.
             Slain by an orc wizard
             ... wielding a +0 dagger
              (2 damage)
             ... on level 2 of the Dungeon.
             The game lasted 00:04:49 (880 turns).

slep the Chopper (Formicid Gladiator)                Turns: 880, Time: 00:04:51

Health: -1/34      AC:  5    Str: 19    XL:     4   Next: 31%
Magic:  4/4        EV: 12    Int:  8    God:
Gold:   36         SH:  0    Dex: 12    Spells: 3/3 levels left

rFire    . . .     SeeInvis +   o - +0 broad axe
rCold    . . .     Gourm    .   (no shield)
rNeg     . . .     Faith    .   g - +0 ring mail
rPois    .         Spirit   .   (helmet unavailable)
rElec    .         Reflect  .   (no cloak)
rCorr    .         Harm     .   (no gloves)
MR       .....                  (no boots)
Stlth    +.........             (no amulet)
HPRegen  0.11/turn              (no ring)
MPRegen  0.09/turn              (no ring)

@: no status effects
A: permanent stasis, dig shafts and tunnels, four strong arms, antennae 3
a: Dig, Shaft Self


You were on level 2 of the Dungeon.
You were not hungry.

You visited 1 branch of the dungeon, and saw 2 of its levels.

You collected 36 gold pieces.

Inventory:

Hand Weapons
 a - a +0 war axe
 o - a +0 broad axe (weapon)
Missiles
 c - 3 throwing nets (quivered)
Armour
 b - a +0 leather armour
 g - a +0 ring mail (worn)
Jewellery
 k - an uncursed ring of fire
Scrolls
 e - a scroll of identify {unknown}
 f - a scroll of fog {unknown}
 h - a scroll of immolation {unknown}
 i - a scroll of remove curse {unknown}
 m - a scroll of random uselessness {unknown}
Potions
 j - a potion of heal wounds {unknown}
 l - a potion of agility {unknown}
Comestibles
 d - a bread ration
 n - 2 fruits


   Skills:
 + Level 2.5 Fighting
 + Level 4.1 Axes
 + Level 2.2 Throwing
 + Level 0.9 Armour
 + Level 3.1 Dodging


You had 3 spell levels left.
You didn't know any spells.

Dungeon Overview and Level Annotations

Branches:
Dungeon (2/15)

Altars:
Cheibriados


Innate Abilities, Weirdness & Mutations

You cannot be hasted, slowed, berserked, paralysed or teleported.
You can dig through walls and to a lower floor.
Your four strong arms can wield two-handed weapons with a shield.
You have a pair of large antennae on your head. (SInv)


Message History

The orc wizard is almost dead.
The orc wizard hits you but does no damage.
The orc wizard hits you with a dagger.
You barely miss the orc wizard.
The orc wizard is almost dead.
The orc wizard hits you but does no damage.
You closely miss the orc wizard.
The orc wizard is almost dead.
The orc wizard points at you and mumbles some strange words.
The magic dart hits you!
* * * LOW HITPOINT WARNING * * *
2 jackals come into view.
You closely miss the orc wizard.
The orc wizard is almost dead.
The jackal barks!
The orc wizard points at you and mumbles some strange words.
The magic dart hits you!
* * * LOW HITPOINT WARNING * * *
The orc wizard hits you with a dagger.
You die...

..##.........#.. ..._
........#....... ...
{#.....#.#.#... # ...
###......#.#... #. ..
#.......#...... #..
#.####..##..#...### #.(.
#.#.##.# #......##.
.....#)o.##.###.##.####.
#...@................
####.##..#.####.###..
#...#...#.# #.......
#.#.......###.......
...#.#...............
.... #.#...#####.......
..... ..#...# #.......
.... ..##(..# #.......
....... ##### #.......


You could see an orc wizard.

Vanquished Creatures
  An orc priest (D:2)
  3 orcs (D:2)
  6 hobgoblins
  3 kobolds
  2 bats (D:1)
  3 frilled lizards (D:1)
  8 goblins
  2 rats (D:1)
28 creatures vanquished.

Notes
Turn   | Place    | Note
-------+----------+-------------------------------------------
     0 | D:1      | slep the Formicid Gladiator began the quest for the Orb.
     0 | D:1      | Reached XP level 1. HP: 16/16 MP: 1/1
   201 | D:1      | Reached XP level 2. HP: 22/22 MP: 2/2
   685 | D:1      | Reached XP level 3. HP: 24/27 MP: 3/3
   864 | D:2      | Found a snail-covered altar of Cheibriados.
   873 | D:2      | Reached skill level 4 in Axes
   873 | D:2      | Reached XP level 4. HP: 19/34 MP: 4/4
   880 | D:2      | HP: 1/34 [orc wizard/magic dart (8)]
   880 | D:2      | Slain by an orc wizard

Vault maps used:
D:1:      dpeg_arrival_connections
D:2:      lemuel_round_altar, lemuel_crystal_altar

Skill      XL: |  1  2  3 |
---------------+----------+-----
Dodging        | 3 |  3.1
Axes           | 4 |  4.1
Fighting       | |  2.5
Throwing       | |  2.2
Armour         | |  0.9

Action                   |  1- 3 |  4- 6 || total
-------------------------+-------+-------++-------
Melee: War axe           |    62 |       ||    62
       Broad axe         |    15 |     7 ||    22
 Abil: Dig               |     1 |       ||     1
Armor: Ring mail         |    26 |     4 ||    30
Dodge: Dodged            |    53 |     2 ||    55

Table legend:
 A = Spawn XP
 B = Non-spawn XP
 C = Spawn XP percentage of total XP
 D = Spawn monster count
 E = Non-spawn monster count
 F = Spawn count percentage of total count
 G = Total turns spent on level
                    A         B        C        D         E        F      G
               +---------+---------+-------+---------+---------+-------+---------
         Total |       0 |      91 |   0.0 |       0 |      28 |   0.0 |   880
               +---------+---------+-------+---------+---------+-------+---------
           D:1 |       0 |      33 |   0.0 |       0 |      20 |   0.0 |   719
           D:2 |       0 |      58 |   0.0 |       0 |       8 |   0.0 |   161
               +---------+---------+-------+---------+---------+-------+---------
